 Dungeon Crawl Stone Soup version 0.25-a0-290-g4a1327ee3a (webtiles) character file.

Game seed: 17704672990352345272, levelgen mode: deterministic

107 MoonlitKnight the Ruffian (level 4, -6/40 HPs)
             Began as a Naga Transmuter on Dec 13, 2019.
             Mangled by a gnoll
             ... wielding a +0 club
              (9 damage)
             ... on level 3 of the Dungeon.
             The game lasted 00:13:23 (3155 turns).

MoonlitKnight the Ruffian (Naga Transmuter)         Turns: 3155, Time: 00:13:24

Health: -6/40      AC:  2    Str: 14    XL:     4   Next: 86%
Magic:  7/7        EV: 10    Int: 13    God:
Gold:   103        SH:  0    Dex: 11    Spells: 4/7 levels left

rFire    . . .     SeeInvis +     - Unarmed
rCold    . . .     Gourm    .   (no shield)
rNeg     . . .     Faith    +   b - +0 robe
rPois    +         Spirit   .   (no helmet)
rElec    .         Reflect  .   (no cloak)
rCorr    .         Harm     .   (no gloves)
MR       .....                  (no barding)
Stlth    +.........             l - amulet of faith
HPRegen  0.13/turn              (no ring)
MPRegen  0.10/turn              (no ring)

@: short of breath, drained, very slow
A: large, see invisible, deformed body, poison resistance, slowness 2, slow
metabolism 1, spit poison 1, AC +1
a: Spit Poison


You were on level 3 of the Dungeon.
You were hungry.

You visited 1 branch of the dungeon, and saw 3 of its levels.

You collected 103 gold pieces.

Inventory:

Hand Weapons
 a - a +0 hunting sling
Missiles
 e - 26 arrows
 k - 9 poisoned darts (quivered)
Armour
 b - a +0 robe (worn)
Jewellery
 g - an uncursed ring of flight {unknown}
 l - an amulet of faith (around neck)
Scrolls
 j - a scroll of magic mapping {unknown}
 n - a scroll of remove curse
 o - a scroll of immolation {unknown}
 r - a scroll of enchant weapon {unknown}
Potions
 f - a potion of flight {unknown}
 i - 2 potions of brilliance {unknown}
 m - a potion of lignification {unknown}
 q - a potion of curing {unknown}
 s - a potion of might {unknown}
 t - a potion of cancellation {unknown}
Comestibles
 d - 2 rations


   Skills:
 + Level 2.4(1.8) Fighting
 - Level 2.2(1.6) Dodging
 + Level 1.4(0.8) Stealth
 * Level 4.0(3.4) Unarmed Combat
 - Level 2.0(1.3) Spellcasting
 + Level 2.2(1.6) Transmutations


You had 4 spell levels left.
You knew the following spells:

 Your Spells              Type           Power        Failure   Level  Hunger
a - Beastly Appendage     Tmut           #.....       14%         1    ##.....
b - Sticks to Snakes      Tmut           #.......     22%         2    ###....

Your spell library contained the following spells:

 Spells                   Type           Power        Failure   Level  Hunger
 Spider Form              Tmut/Pois      #.........   50%         3    ####...
 Ice Form                 Ice/Tmut       #.......     88%         4    #####..
 Blade Hands              Tmut           #.........   98%         5    ######.


Dungeon Overview and Level Annotations

Branches:
Dungeon (3/15)

Altars:
Gozag
Hepliaklqana
Nemelex Xobeh
Okawaru
Ru


Innate Abilities, Weirdness & Mutations

You cannot wear boots.
Your serpentine skin is tough. (AC +1)
You have supernaturally acute eyesight. (SInv)
Armour fits poorly on your strangely shaped body.
Your system is resistant to poisons. (rPois)
You cover ground very slowly.
You have a slow metabolism.
You can spit poison.


Message History

You tear a large gash into the net.
The gnoll closely misses you.
You struggle against the net.
The gnoll hits you with a +0 club.
You rip the net and break free!
The gnoll completely misses you.
The gnoll hits you with a +1 flail of draining!
You feel drained.
A gnoll comes into view. It is wielding a +0 club.
Press: ? - help, Shift-Dir - straight line, f - gnoll
Aim: a gnoll, wielding a +0 club The splash of poison hits the gnoll but does no damage.
The gnoll is poisoned.
You feel slightly more hungry. The gnoll hits you with a +0 club!
* * * LOW HITPOINT WARNING * * *
The gnoll hits you with a +1 flail of draining!
* * * LOW HITPOINT WARNING * * *
You feel drained.
* * * LOW HITPOINT WARNING * * *
As you read the scroll labeled ACSOAJ PIATUNT, it crumbles to dust.
You feel blessed for a moment.
It was a scroll of remove curse.
The gnoll hits you with a +0 club!
You die...

#.......###.#####.##.#
#.......##........##.# g
#.......##..########.#
..###.......##..# #.#
...g.g?.....##..# #.#
#........##..########.#
#.......$.............#
#....g..###..#######..#
#....g@.#..........#..#
##............#....#..#
............_..........#
..#.######._......####.##
. #. ##..............#
#.####.....8.._.######
.................#
######._.....###.#
........._...###.#


You could see 4 gnolls.

Vanquished Creatures
  An orc priest (D:3)
  An adder (D:3)
  A worm (D:3)
  2 dart slugs
  2 leopard geckos
  3 orcs (D:3)
  3 bats
  3 giant cockroaches
  10 goblins
  5 hobgoblins
  4 jackals (D:2)
  7 kobolds
  2 quokkas
  A ball python (D:1)
  4 frilled lizards
  4 rats
53 creatures vanquished.

Notes
Turn   | Place    | Note
-------+----------+-------------------------------------------
     0 | D:1      | MoonlitKnight the Naga Transmuter began the quest for the
                  | Orb.
     0 | D:1      | Reached XP level 1. HP: 18/18 MP: 3/3
   236 | D:1      | Reached XP level 2. HP: 16/25 MP: 3/5
   340 | D:1      | Learned a level 2 spell: Sticks to Snakes
   993 | D:2      | Reached XP level 3. HP: 15/32 MP: 4/6
  2515 | D:3      | Reached skill level 1 in Stealth
  2515 | D:3      | Reached XP level 4. HP: 27/39 MP: 5/7
  2728 | D:3      | Reached skill level 4 in Unarmed Combat
  3099 | D:3      | Found an iron altar of Okawaru.
  3101 | D:3      | Found a hazy altar of Hepliaklqana.
  3102 | D:3      | Found a sparkling altar of Nemelex Xobeh.
  3103 | D:3      | Found a sacrificial altar of Ru.
  3103 | D:3      | Found an opulent altar of Gozag.
  3155 | D:3      | Mangled by a gnoll

Levels and vault maps discovered:
D:1:      psy_arrival_statuary, layout_basic
D:2:      layout_loops_cross, fountainhead
D:3:      layout_basic, grunt_temple_overflow_open, first_ration

Skill      XL: |  1  2  3  4 |
---------------+-------------+-----
Dodging        | 2 |  2.2
Fighting       | 2 |  2.4
Stealth        | 1 |  1.4
Unarmed Combat | 4 |  4.0
Spellcasting   | |  2.0
Transmutations | |  2.2

Action                   |  1- 3 |  4- 6 || total
-------------------------+-------+-------++-------
Melee: Unarmed           |    91 |    22 ||   113
       Punch             |     2 |       ||     2
       Headbutt          |     8 |     4 ||    12
Throw: Dart              |       |     2 ||     2
 Cast: Beastly Appendage |    20 |     3 ||    23
 Abil: Spit Poison       |    24 |     6 ||    30
  Use: Scroll            |     2 |     1 ||     3
  Eat: Chunk             |     5 |     2 ||     7
Armor: Robe              |    25 |     2 ||    27
Dodge: Dodged            |    69 |     7 ||    76

Table legend:
 A = Non-vault XP
 B = Vault XP
 C = Vault XP percentage of total XP
 D = Non-vault monster count
 E = Vault monster count
 F = Vault count percentage of total count
                 A         B        C        D         E       F
            +---------+---------+-------+---------+---------+-------
      Total |     154 |       0 |   0.0 |      53 |       0 |   0.0
            +---------+---------+-------+---------+---------+-------
        D:1 |      30 |       0 |   0.0 |      17 |       0 |   0.0
        D:2 |      44 |       0 |   0.0 |      23 |       0 |   0.0
        D:3 |      80 |       0 |   0.0 |      13 |       0 |   0.0
            +---------+---------+-------+---------+---------+-------
